 Dungeon Crawl Stone Soup version 0.21-a0-1-gaf3b9a5 (webtiles) character file.

107 straycat the Charmwright (level 4, 0/34 HPs)
             Began as a Vampire Skald on May 20, 2017.
             Slain by a gnoll
             ... wielding a +0 halberd
              (16 damage)
             ... on level 2 of the Dungeon.
             The game lasted 00:22:05 (2997 turns).

straycat the Charmwright (Vampire Skald)            Turns: 2997, Time: 00:22:05

Health: 0/34       AC:  3    Str:  9 (11) XL:     4   Next: 56%
Magic:  7/7        EV: 18    Int: 13 (15) God:
Gold:   37         SH:  0    Dex: 18      Spells: 1/7 levels left

rFire    . . .     SeeInvis +     - Unarmed
rCold    . . .     Gourm    .   (no shield)
rNeg     + . .     Faith    .   a - +0 leather armour
rPois    .         Spirit   .   (no helmet)
rElec    .         Reflect  .   (no cloak)
rCorr    .         Harm     .   (no gloves)
MR       .....                  (no boots)
Stlth    +++.......             (no amulet)
Regen    0.2/turn               (no ring)
MPRegen  0.1/turn               (no ring)

@: agile
A: fangs 3, see invisible, unbreathing
a: Bat Form


You were on level 2 of the Dungeon.
You were not thirsty.

You visited 1 branch of the dungeon, and saw 2 of its levels.

You collected 37 gold pieces.

Inventory:

Hand Weapons
 d - a +0 whip
 k - a +0 rapier
 n - a +0 dagger
 o - a +0 hunting sling
 u - a cursed -2 spear
Missiles
 f - 91 stones (quivered)
 m - 7 sling bullets
 q - 7 curare-tipped needles
Armour
 a - a +0 leather armour (worn)
 l - a +0 leather armour
 p - a +0 leather armour
 r - a +0 ring mail
Scrolls
 e - 4 scrolls of amnesia
 h - 2 scrolls of identify
 t - a scroll of remove curse {unknown}
Potions
 c - 14 potions of blood
 j - 2 potions of agility
Books
 b - a book of Battle

   Spells                             Type                      Level
   a - Infusion                       Charms                       1
   b - Shroud of Golubria             Charms/Translocation         2
   c - Song of Slaying                Charms                       2
   d - Spectral Weapon                Hexes/Charms                 3
   e - Regeneration                   Charms/Necromancy            3
Comestibles
 g - 2 royal jellies
 s - a meat ration


   Skills:
 * Level 2.5 Fighting
 + Level 0.7 Throwing
 + Level 0.7 Armour
 * Level 2.9 Dodging
 + Level 1.6 Stealth
 * Level 3.0 Unarmed Combat
 + Level 2.3 Spellcasting
 + Level 0.8 Hexes
 + Level 3.5 Charms
 + Level 0.2 Translocations


You had one spell level left.
You knew the following spells:

 Your Spells              Type           Power        Failure   Level  Hunger
a - Infusion              Chrm           ##..         8%          1    #......
b - Shroud of Golubria    Chrm/Tloc      #.........   22%         2    ###....
c - Spectral Weapon       Hex/Chrm       #.......     38%         3    ###....


Dungeon Overview and Level Annotations

Branches:
Dungeon (2/15)

Altars:


Innate Abilities, Weirdness & Mutations

You have razor-sharp teeth.
You have supernaturally acute eyesight. (SInv)
You can survive without breathing.


Message History

The gnoll throws a stone.
The stone closely misses you.
You see here a stone.
You see here a club.
The gnoll throws a stone.
The stone barely misses you.
You see here a stone.
You hit the plant but do no damage.
Yummy - fresh blood!
The gnoll throws a stone.
The stone barely misses you.
There isn't anything here!
Your transformation has ended.
Your +0 leather armour unmelds from your body.
You feel agile all of a sudden.
The gnoll splashes around in the water.
The gnoll throws a stone.
The stone hits you but does no damage.
You see here a stone.
The gnoll splashes around in the water.
The gnoll completely misses you.
You hit the gnoll.
The gnoll is lightly wounded.
The gnoll hits you with a halberd!
You die...

#.#...# #.......## #.#.####
#.#.#g# ##.....## #......#
...##(# ##...## ######.#
.....(# ##'## #.# #.#####
#..# #<# #g# #♣≈♣# #.#
#.######## ##)P≈# #.#
..(...g..###.g♣g##########.#
#.###.....#..≈♣≈@.(........#
#.# #...(.()..P.(###########
#.###....(##..##.#
#........####(..##
#####.#### #.### #####.# #.#
....((# #.# ####### #.#
######## #######.# #......#


You could see a gnoll.

Vanquished Creatures
  4 gnolls
  2 adders (D:2)
  A worm (D:2)
  2 leopard geckos
  2 giant cockroaches
  5 goblins
  7 hobgoblins
  4 kobolds
  2 quokkas (D:2)
  10 bats
  A frilled lizard (D:1)
  3 rats
43 creatures vanquished.

Notes
Turn   | Place    | Note
-------+----------+-------------------------------------------
     0 | D:1      | straycat the Vampire Skald began the quest for the Orb.
     0 | D:1      | Reached XP level 1. HP: 16/16 MP: 3/3
   129 | D:1      | Reached XP level 2. HP: 4/22 MP: 0/5
   781 | D:1      | Learned a level 2 spell: Shroud of Golubria
   997 | D:1      | Reached XP level 3. HP: 27/27 MP: 6/6
  1412 | D:1      | Learned a level 3 spell: Spectral Weapon
  1578 | D:2      | Reached skill level 1 in Stealth
  1750 | D:2      | Reached XP level 4. HP: 33/33 MP: 7/7
  2997 | D:2      | Slain by a gnoll

Vault maps used:
D:1:      dpeg_arrival_tiny_c, dk_noncrumbling_4
D:2:      serial_bayou_pond_e

Skill      XL: |  1  2  3  4 |
---------------+-------------+-----
Fighting       | 2 |  2.5
Stealth        | 1 |  1.6
Unarmed Combat | 3 |  3.0
Throwing       | |  0.7
Armour         | |  0.7
Dodging        | |  2.9
Spellcasting   | |  2.3
Hexes          | |  0.8
Charms         | |  3.5
Translocations | |  0.2

Action                   |  1- 3 |  4- 6 || total
-------------------------+-------+-------++-------
Melee: Unarmed           |    89 |    96 ||   185
       Punch             |     2 |     1 ||     3
       Bite              |     8 |     8 ||    16
       Rapier            |     3 |       ||     3
Throw: Stone             |    29 |     4 ||    33
 Cast: Infusion          |     4 |     4 ||     8
       Shroud of Golubri |       |     2 ||     2
 Abil: End Transformatio |       |     1 ||     1
       Bat Form          |       |     1 ||     1
  Use: Scroll            |     3 |     1 ||     4
       Potion            |     9 |     4 ||    13
  Eat: Corpse            |     1 |       ||     1
Armor: Leather armour    |    21 |    28 ||    49
Dodge: Dodged            |    65 |    75 ||   140
